 Dungeon Crawl Stone Soup version 0.17.0-9-g801d43b (console) character file.

285647 Kloppie the Tortoise (level 19, -16/185 HPs)
             Began as a Minotaur Fighter on Nov 10, 2015.
             Was a High Priest of Elyvilon.
             Demolished by an ironheart preserver
             ... wielding a +0 flail
             ... led by a vault warden
              (18 damage)
             ... on level 3 of the Vaults.
             The game lasted 02:34:24 (50923 turns).

Kloppie the Tortoise (Minotaur Fighter)            Turns: 50923, Time: 02:34:24

Health: -16/185    AC: 31    Str: 30      XL:     19   Next: 81%
Magic:  24/25      EV:  2    Int:  6 (7)  God:    Elyvilon [*****.]
Gold:   2970       SH:  0    Dex: 19      Spells: 0 memorised, 18 levels left

rFire  . . .     SeeInvis .     a - +4 scimitar (elec)
rCold  . . .     Clarity  +     J - +6 scale mail "Ceikhlol" {rElec Str+3 Int+2 Dex+4}
rNeg   + + +     SustAt   .     c - +0 shield
rPois  ∞         Gourm    .     (helmet restricted)
rElec  +         Spirit   .     f - +0 cloak {rPois}
rCorr  .         Warding  .     d - +2 pair of gloves {Str+3}
rMut   .         Stasis   .     N - +0 pair of boots
MR     ++...                    m - amulet of clarity
Stlth  ..........               L - +6 ring of protection
                                z - ring of protection from magic

@: petrified, marked, very resistant to hostile enchantments, extremely
unstealthy
A: retaliatory headbutt, horns 2, deterioration 1
a: Lesser Healing, Divine Protection, Heal Other, Purification, Greater Healing,
Divine Vigour, Renounce Religion
}: 2/15 runes: barnacled, gossamer


You were on level 3 of the Vaults.
You worshipped Elyvilon.
Elyvilon was extremely pleased with you.
You were very hungry.

You visited 6 branches of the dungeon, and saw 37 of its levels.
You visited 1 bazaar.

You collected 3504 gold pieces.
You spent 534 gold pieces at shops.

Inventory:

Hand Weapons
 a - a +4 scimitar of electrocution (weapon)
 b - a +2 scimitar of flaming
 i - a +0 long sword of holy wrath
 q - a +0 blowgun
Missiles
 o - 8 curare-tipped needles
Armour
 c - a +0 shield (worn)
 d - a +2 pair of gloves of strength (worn)
 f - a +0 cloak of poison resistance (worn)
 J - the +6 scale mail "Ceikhlol" (worn) {rElec Str+3 Int+2 Dex+4}
   (You found it on level 1 of the Shoals)

   It affects your strength (+3).
   It affects your intelligence (+2).
   It affects your dexterity (+4).
   It insulates you from electricity.
 N - a +0 pair of boots (worn)
Jewellery
 k - a +4 ring of evasion
 m - an amulet of clarity (around neck)
 z - a ring of protection from magic (left hand)
 L - a +6 ring of protection (right hand)
 P - an uncursed ring of see invisible
Wands
 l - a wand of teleportation (6)
 M - a wand of paralysis (1)
Scrolls
 h - 3 scrolls of teleportation
 r - 16 scrolls of remove curse
 t - 8 scrolls of identify
 u - 7 scrolls of fog
 y - a scroll of holy word
 H - 3 scrolls of magic mapping
 K - 2 scrolls of blinking
 V - a scroll of enchant weapon
 Y - a scroll of recharging
Potions
 g - 2 potions of cure mutation
 n - 7 potions of cancellation
 p - 3 potions of curing
 A - 9 potions of flight
 D - a potion of haste
 E - 3 potions of resistance
 U - 3 potions of lignification
 Z - 3 potions of invisibility
Miscellaneous
 s - a box of beasts
 v - a lamp of fire
 x - a sack of spiders
 B - a sack of spiders
 G - 2 phantom mirrors
 I - a stone of tremors
 R - a stone of tremors
 T - a disc of storms
Comestibles
 e - 13 bread rations
 j - a slice of pizza
 w - 3 chunks of flesh


   Skills:
 - Level 20.0 Fighting
 - Level 14.0 Long Blades
 - Level 20.3 Armour
 + Level 16.7 Dodging
 - Level 15.4 Shields
 - Level 8.1 Invocations
 - Level 10.0 Evocations


You had 18 spell levels left.
You didn't know any spells.

Dungeon Overview and Level Annotations

Branches:
Dungeon (14/15)            Temple (0/1) D:5            Lair (8/8) D:11
 Shoals (4/4) Lair:4       Spider (4/4) Lair:3        Slime (0/6) Lair:8
    Orc (4/4) D:9             Elf (0/3) Orc:3        Vaults (3/5) D:14
  Crypt (0/3) Vaults:2

Altars:
Ashenzari
Dithmenos
Elyvilon
Fedhas
Gozag
Kikubaaqudgha
Trog
Xom
Zin

Shops:
D:10 %   D:11 (**(!   Orc:4 %(**=   Vaults:1 :   Vaults:2 (

Annotations:
Lair:2 exclusion: electric eel


Innate Abilities, Weirdness & Mutations

You reflexively headbutt those who attack you in melee.
You have a pair of horns on your head.
Your body sometimes deteriorates upon taking damage.


Message History

The lich touches you but does no damage.
The ironheart preserver hits you with a flail!!
* * * LOW HITPOINT WARNING * * *
The vault warden hits you but does no damage.
The vault sentinel blows a loud note on a signal horn!
The vault warden hits you with a battleaxe.
* * * LOW HITPOINT WARNING * * *
The lich touches you.
* * * LOW HITPOINT WARNING * * *
The ironheart preserver gestures wildly while chanting.
The ironheart preserver begins to accept its allies' injuries.
The lich touches you.
* * * LOW HITPOINT WARNING * * *
The vault warden hits you with a vampiric long sword!
* * * LOW HITPOINT WARNING * * *
The vault sentinel hits you but does no damage.
The lich touches you but does no damage.
The vault warden hits you but does no damage.
The ironheart preserver hits you with a flail!!!
You die...

........#..#..
.......(#..#.
........#..# ###
........#..#<..#
........#..#...#
........#..#....
........'..#####+#######
#########....*..pp......
#.......@pZ.....
#.......Lp......
#.......p.......
#...............
#...............
#...............
#...............
#..$............


You could see an ironheart preserver, 2 vault wardens, a lich, a vault sentinel,
an ironbrand convoker and a human simulacrum.

Vanquished Creatures
  Boris (Vaults:2)
  Saint Roka (Orc:4)
  Nikola (Vaults:1)
  Asterion (Spider:2)
  Polyphemus (Shoals:2)
  A sphinx (Vaults:2)
  Ilsuiw (Shoals:2)
  Donald (Vaults:1)
  Maud (Orc:4)
  3 ghost moths
  A frost giant (Shoals:4)
  7 vault wardens
  9 emperor scorpions
  A curse skull (Vaults:2)
  7 ironheart preservers
  The ghost of timbw the Brawler, a journeyman GrFi of Okawaru (Shoals:4)
  A very ugly thing (Vaults:1)
  A deep elf demonologist (Vaults:2)
  A stone giant (Vaults:1)
  Nessos (Orc:4)
  A salamander stormcaller (Vaults:1)
  Azrael (Orc:4)
  A deep elf annihilator (Vaults:1)
  4 merfolk javelineers
  3 vault guards (Vaults:1)
  13 merfolk impalers
  Josephine (D:10)
  2 great orbs of eyes (Vaults:1)
  8 yaktaur captains
  4 slime creatures
  3 entropy weavers
  8 hydras
  3 ogre magi (Vaults:2)
  5 catoblepae
  2 merfolk avatars
  2 centaur warriors
  5 merfolk aquamancers
  28 death yaks
  2 satyrs
  2 alligator snapping turtles
  5 orc high priests (Orc:4)
  A deep troll earth mage (Vaults:2)
  A deep elf knight (Vaults:2)
  Sonja (Lair:1)
  Nergalle (Lair:1)
  A shadow wraith (Vaults:1)
  5 skeletal warriors (Vaults:2)
  A fire crab (Lair:8)
  14 sea snakes
  A storm dragon skeleton (Vaults:2)
  3 deep trolls (Vaults:2)
  A wizard (D:14)
  3 unseen horrors
  9 hill giants
  An orange crystal statue (D:12)
  A deep elf summoner (Vaults:1)
  7 ironbrand convokers
  15 orb spiders
  An orb spider (shapeshifter) (Vaults:1)
  A shining eye (shapeshifter) (Vaults:2)
  A necromancer (D:14)
  12 ugly things
  A tengu skeleton (Vaults:2)
  25 wolf spiders
  25 harpies
  4 orc sorcerers
  11 manticores
  14 orc knights
  15 hornets
  7 fauns
  A moth of wrath (shapeshifter) (Vaults:2)
  9 cyclopes
  16 griffons
  16 elephants
  Maurice (Orc:3)
  2 moths of wrath (Spider:4)
  2 black mambas
  7 vault sentinels
  3 water nymphs
  An ice statue (D:12)
  16 sirens
  A torpor snail (Spider:4)
  A spiny frog (shapeshifter) (Vaults:1)
  7 spiny frogs
  20 yaktaurs
  A salamander skeleton (Vaults:2)
  An efreet (D:14)
  15 demonic crawlers
  5 komodo dragons
  4 deep elf priests
  A queen bee (Lair:3)
  2 blink frogs (shapeshifter)
  A polar bear (shapeshifter) (Vaults:2)
  A polar bear (Lair:7)
  A two-headed ogre (shapeshifter) (Vaults:2)
  20 blink frogs
  25 jumping spiders
  37 merfolk
  Grinder (D:3)
  Prince Ribbit (D:5)
  10 trolls
  4 wind drakes
  2 boulder beetles
  4 freezing wraiths
  6 two-headed ogres
  8 snapping turtles
  4 wyverns
  36 redbacks
  12 trapdoor spiders
  6 deep elf magi
  5 water elementals
  A shadow (D:11)
  24 tarantellas
  2 ettin skeletons (Vaults:2)
  7 wraiths
  55 yaks
  4 deep elf fighters
  Eustachio (D:5)
  7 vampire mosquitoes
  2 fire elementals (Orc:3)
  2 hungry ghosts (D:10)
  8 hippogriffs
  A basilisk (Lair:5)
  2 hell hounds
  3 mottled dragons
  15 water moccasins
  A deep troll skeleton (Vaults:2)
  20 wargs
  14 spiders
  13 porcupines
  2 black bears
  An eye of draining (D:10)
  2 phantoms
  An ice beast (D:10)
  29 ogres
  47 orc warriors
  4 boggarts (Vaults:1)
  2 sky beasts
  5 wasps
  A big kobold (D:12)
  16 crocodiles
  2 orc skeletons (Vaults:2)
  Blork the orc (D:5)
  15 centaurs
  5 human skeletons (Vaults:2)
  13 giant frogs
  21 killer bees
  3 scorpions
  9 wights (D:9)
  2 electric eels (D:11)
  5 crimson imps
  2 centaur zombies
  3 jellies
  33 orc wizards
  11 hounds
  5 centaur skeletons
  A giant frog skeleton (D:9)
  46 orc priests
  A gnoll shaman (D:8)
  6 iguanas
  Terence (D:3)
  9 worker ants
  20 sheep
  A hound zombie (D:5)
  A hound skeleton (D:8)
  2 worker ant zombies
  8 gnolls
  9 adders
  61 river rats
  3 shadow imps
  A giant eyeball (shapeshifter) (Vaults:1)
  3 oozes
  2 adder zombies
  2 adder skeletons
  A worm (D:2)
  11 giant geckos
  259 orcs
  4 ball pythons
  12 bats
  8 giant cockroaches
  10 goblins
  5 hobgoblins
  9 quokkas
  2 giant gecko skeletons
  6 giant newts
  22 jackals
  14 kobolds
  A quokka skeleton (D:8)
  6 rats
  2 crawling corpses (Vaults:1)
  A spectral weapon (Spider:2)
1616 creatures vanquished.

Vanquished Creatures (others)
  A vault guard (Vaults:1)
  2 ogre magi (Vaults:1)
  A wizard (D:14)
  A hornet (Spider:2)
  2 yaktaurs (Vaults:1)
  A boggart (Vaults:1)
  An orc warrior (Vaults:1)
  An orc (Orc:2)
  2 bushes (Lair:8)
  22 fungi
  26 plants
  4 tentacles (Shoals:2)
  132 tentacle segments (Shoals:2)
196 creatures vanquished.

Grand Total: 1812 creatures vanquished

Notes
Turn   | Place    | Note
--------------------------------------------------------------
     0 | D:1      | Kloppie the Minotaur Fighter began the quest for the Orb.
     0 | D:1      | Reached XP level 1. HP: 19/19 MP: 0/0
   159 | D:1      | Reached XP level 2. HP: 24/27 MP: 1/1
   407 | D:1      | Reached skill level 4 in Armour
   626 | D:1      | Reached XP level 3. HP: 33/33 MP: 2/2
  1091 | D:2      | Reached XP level 4. HP: 36/40 MP: 3/3
  1384 | D:2      | Found a white marble altar of Elyvilon.
  1664 | D:2      | Found an ancient bone altar of Kikubaaqudgha.
  1980 | D:2      | Became a worshipper of Elyvilon the Healer
  2202 | D:3      | Reached XP level 5. HP: 34/47 MP: 4/4
  2299 | D:3      | Reached skill level 5 in Armour
  2375 | D:3      | Found a shadowy altar of Dithmenos.
  2443 | D:3      | Reached skill level 5 in Shields
  2767 | D:3      | Noticed Grinder
  2775 | D:3      | Killed Grinder
  2775 | D:3      | Reached skill level 5 in Fighting
  2775 | D:3      | Reached XP level 6. HP: 54/56 MP: 5/5
  2920 | D:3      | Noticed Terence
  2933 | D:3      | Killed Terence
  2933 | D:3      | Reached skill level 5 in Long Blades
  2934 | D:3      | Reached XP level 7. HP: 38/61 MP: 6/6
  3097 | D:4      | Reached * piety under Elyvilon
  3218 | D:4      | Reached skill level 6 in Armour
  3723 | D:4      | Found a blossoming altar of Fedhas.
  3744 | D:5      | Entered Level 5 of the Dungeon
  3916 | D:5      | Noticed Prince Ribbit
  3986 | D:5      | Killed Prince Ribbit
  3986 | D:5      | Reached XP level 8. HP: 42/71 MP: 7/7
  4088 | D:5      | Noticed Blork the orc
  4099 | D:5      | Killed Blork the orc
  4127 | D:5      | Reached ** piety under Elyvilon
  4146 | D:5      | Found a staircase to the Ecumenical Temple.
  4161 | D:5      | Noticed Eustachio
  4179 | D:5      | Reached skill level 7 in Armour
  4357 | D:5      | Killed Eustachio
  5234 | D:7      | Found a shadowy altar of Dithmenos.
  5290 | D:7      | Noticed a cyclops
  5313 | D:7      | Killed a cyclops
  5318 | D:7      | Reached skill level 8 in Fighting
  5318 | D:7      | Reached XP level 9. HP: 52/81 MP: 8/8
  5569 | D:7      | Reached *** piety under Elyvilon
  5663 | D:7      | Found a shattered altar of Ashenzari.
  5898 | D:7      | Found an opulent altar of Gozag.
  6343 | D:8      | Found a glowing silver altar of Zin.
  6555 | D:8      | Reached skill level 9 in Fighting
  7185 | D:9      | Reached XP level 10. HP: 84/91 MP: 9/9
  7187 | D:9      | Reached **** piety under Elyvilon
  7219 | D:9      | Found a staircase to the Orcish Mines.
  7472 | D:9      | Noticed a hill giant
  7478 | D:9      | Killed a hill giant
  7478 | D:9      | Reached skill level 10 in Fighting
  7478 | D:9      | Reached skill level 10 in Armour
  7847 | D:10     | Entered Level 10 of the Dungeon
  7856 | D:10     | Reached skill level 10 in Shields
  8171 | D:10     | Reached skill level 10 in Long Blades
  8305 | D:10     | Noticed Josephine
  8319 | D:10     | Killed Josephine
  8327 | D:10     | Reached XP level 11. HP: 89/101 MP: 10/10
  8340 | D:10     | Reached skill level 11 in Fighting
  8436 | D:10     | Found Diepsul's Food Shoppe.
  8513 | D:11     | Found Qihuix's Assorted Antiques.
  8531 | D:11     | Found Foufyorph's Weapon Emporium.
  8534 | D:11     | Reached skill level 1 in Invocations
  8565 | D:11     | Bought a bone wand for 152 gold pieces
  8565 | D:11     | Bought a scroll of identify for 76 gold pieces
  8912 | D:11     | Found a staircase to the Lair.
  8944 | D:11     | Found Ruiliopp's Distillery.
  8967 | D:11     | Bought a potion of poison for 16 gold pieces
  9023 | D:11     | Reached skill level 5 in Invocations
  9426 | D:11     | Found Celaix's General Store.
  9493 | D:11     | Noticed a hill giant
  9505 | D:11     | Killed a hill giant
  9686 | D:11     | Found Rahasua's Weapon Boutique.
  9715 | D:11     | Killed an unseen horror
  9880 | D:11     | Killed an unseen horror
  9968 | D:11     | Noticed a hill giant
  9976 | D:11     | Killed a hill giant
 10110 | D:11     | Noticed a sun demon
 10655 | D:11     | Reached XP level 12. HP: 75/110 MP: 17/17
 10743 | D:11     | Noticed a hell knight
 11000 | Lair:1   | Entered Level 1 of the Lair of Beasts
 11107 | Lair:1   | Reached ***** piety under Elyvilon
 11225 | Lair:1   | Reached skill level 12 in Fighting
 11622 | Lair:1   | Noticed Sonja
 11623 | Lair:1   | Noticed Nergalle
 11630 | Lair:1   | Killed Sonja
 11646 | Lair:1   | Killed Nergalle
 12173 | Lair:2   | Noticed a five-headed hydra
 12196 | Lair:2   | Killed a one-headed hydra
 12383 | Lair:2   | Noticed an eight-headed hydra
 12393 | Lair:2   | Killed a five-headed hydra
 13007 | Lair:2   | Reached skill level 13 in Fighting
 13787 | Lair:3   | Identified the Tome of the Oath
 13961 | Lair:3   | Found a hole to the Spider Nest.
 14482 | Lair:4   | Noticed a catoblepas
 14492 | Lair:4   | Killed a catoblepas
 14492 | Lair:4   | Reached XP level 13. HP: 116/122 MP: 18/18
 15189 | Lair:4   | Found a staircase to the Shoals.
 15656 | Lair:5   | Reached ****** piety under Elyvilon
 16617 | Lair:6   | Got a smoking quarterstaff
 16618 | Lair:6   | Identified the +4 quarterstaff of Guuxt {freeze, rN+} (You found it on level 6 of the Lair of Beasts)
 16745 | Lair:6   | Reached skill level 14 in Fighting
 17656 | Lair:7   | Reached skill level 1 in Evocations
 18526 | Orc:1    | Entered Level 1 of the Orcish Mines
 18747 | Orc:2    | Paralysed by an orc sorcerer for 6 turns
 19146 | Orc:1    | You fall through a shaft!
 19205 | Orc:2    | Paralysed by an orc sorcerer for 5 turns
 19375 | Orc:3    | Found a staircase to the Elven Halls.
 19505 | Orc:2    | Found a bloodstained altar of Trog.
 19526 | Orc:4    | Entered Level 4 of the Orcish Mines
 19526 | Orc:4    | Found Doas's Jewellery Shop.
 19580 | Orc:4    | Bought an uncursed amulet of clarity for 260 gold pieces
 19606 | Orc:3    | Reached XP level 14. HP: 112/132 MP: 19/19
 20385 | Orc:4    | Noticed Azrael
 20664 | Orc:4    | Killed Azrael
 20786 | Orc:4    | Noticed Maurice
 20798 | Orc:4    | Noticed Saint Roka
 21509 | Orc:4    | Killed Saint Roka
 21509 | Orc:4    | Reached skill level 5 in Evocations
 21942 | Orc:4    | Noticed Maud
 21954 | Orc:4    | Killed Maud
 22042 | Orc:4    | Noticed Nessos
 22057 | Orc:4    | Killed Nessos
 22930 | Orc:4    | Found Qulu's Assorted Antiques.
 22930 | Orc:4    | Found Rexem's General Store.
 22931 | Orc:4    | Found Poepteomoe's Food Boutique.
 22931 | Orc:4    | Found Ytosuox's Antique Weapon Shop.
 22939 | Orc:4    | Bought a smoky purple potion for 30 gold pieces
 23342 | Orc:3    | Killed Maurice
 23675 | Lair:8   | Entered Level 8 of the Lair of Beasts
 24244 | Lair:8   | Reached XP level 15. HP: 133/138 MP: 20/20
 24270 | Lair:8   | Reached skill level 15 in Shields
 24387 | Lair:8   | Identified Sif Muna's Catalogue of the Damaging Rocks
 24649 | Lair:8   | Found a staircase to the Slime Pits.
 25110 | Lair:8   | Reached skill level 10 in Evocations
 26049 | D:11     | Reached skill level 15 in Fighting
 27603 | D:14     | Found a gate to the Vaults.
 27618 | D:14     | Reached skill level 15 in Armour
 28686 | Spider:1 | Entered Level 1 of the Spider Nest
 28766 | Spider:1 | Reached skill level 16 in Fighting
 28963 | Spider:1 | Reached XP level 16. HP: 85/151 MP: 22/22
 29558 | Spider:2 | Noticed Asterion
 29598 | Spider:2 | Killed Asterion
 31497 | Spider:3 | Reached skill level 17 in Fighting
 32639 | Spider:4 | Entered Level 4 of the Spider Nest
 33362 | Spider:4 | Paralysed by a hornet for 3 turns
 34348 | Spider:3 | Reached skill level 18 in Fighting
 35294 | Spider:4 | Paralysed by a hornet for 3 turns
 35557 | Spider:4 | Reached XP level 17. HP: 165/165 MP: 23/23
 37121 | Spider:4 | Got a gossamer rune of Zot
 37555 | Shoals:1 | Entered Level 1 of the Shoals
 38021 | Shoals:1 | Reached skill level 19 in Fighting
 38068 | Shoals:1 | Got a steaming scale mail
 38076 | Shoals:1 | Identified the +6 scale mail "Ceikhlol" {rElec Str+3 Int+2 Dex+4} (You found it on level 1 of the Shoals)
 39356 | Shoals:2 | Noticed Polyphemus
 39396 | Shoals:2 | Killed Polyphemus
 40117 | Shoals:2 | Found a shimmering altar of Xom.
 40714 | Shoals:2 | Reached skill level 20 in Fighting
 40887 | Shoals:3 | Found a flickering gateway to a bazaar.
 40896 | Bazaar   | Entered a bazaar
 40896 | Bazaar   | Found Cohoiq's Food Emporium.
 40900 | Bazaar   | Found Gysyo's Food Shop.
 40905 | Bazaar   | Found Cahuk's Antique Weapon Shoppe.
 40914 | Bazaar   | Found Emucilag's Antique Weapon Boutique.
 40928 | Bazaar   | Found Tuor's Book Shoppe.
 41014 | Shoals:3 | Noticed Ilsuiw
 41064 | Shoals:2 | Killed Ilsuiw
 41064 | Shoals:2 | Reached skill level 1 in Dodging
 41431 | Shoals:4 | Entered Level 4 of the Shoals
 42049 | Shoals:4 | Reached XP level 18. HP: 178/178 MP: 24/24
 42869 | Shoals:4 | Reached skill level 5 in Dodging
 44519 | Shoals:4 | Noticed timbw's ghost (journeyman GrFi)
 44816 | Shoals:4 | Killed timbw's ghost
 45057 | Shoals:4 | Identified Qofasut's Catalogue of Transformation and the Compass
 45149 | Shoals:4 | Got a barnacled rune of Zot
 45690 | Vaults:1 | Entered Level 1 of the Vaults
 45821 | Vaults:1 | Noticed a Brimstone Fiend
 46098 | Vaults:1 | Reached skill level 10 in Dodging
 46147 | Vaults:1 | Noticed Nikola
 46160 | Vaults:1 | Killed Nikola
 46171 | Vaults:1 | Noticed Donald
 46220 | Vaults:1 | Killed Donald
 46310 | Vaults:1 | Paralysed by a giant eyeball for 2 turns
 46672 | Vaults:1 | Found Raonalem's Book Boutique.
 47115 | Vaults:1 | Reached XP level 19. HP: 173/185 MP: 25/25
 47878 | Vaults:1 | Got a crystal scythe
 47879 | Vaults:1 | Identified the cursed +1 scythe "Zurphann" {venom, rC+ rN+} (You found it on level 1 of the Vaults)
 48886 | Vaults:2 | Gained mutation: Your body sometimes deteriorates upon taking damage. [a shining eye]
 49457 | Vaults:2 | Found a staircase to the Crypt.
 49463 | Vaults:2 | Reached skill level 15 in Dodging
 49634 | Vaults:2 | Noticed Boris
 49663 | Vaults:2 | Killed Boris
 50616 | Vaults:2 | Found Bearchoso's Antique Weapon Emporium.
 50907 | Vaults:3 | Noticed a lich
 50921 | Vaults:3 | HP: 9/185 [vault warden/battleaxe (2)]
 50922 | Vaults:3 | HP: 2/185 [vault warden/vampiric long sword (3)]
 50923 | Vaults:3 | Demolished by an ironheart preserver

Action                   |  1- 3 |  4- 6 |  7- 9 | 10-12 | 13-15 | 16-18 | 19-21 || total
-------------------------+-------+-------+-------+-------+-------+-------+-------++-------
Melee: Long sword        |   115 |    47 |       |       |       |       |       ||   162
       Falchion          |       |    78 |   396 |   107 |       |       |       ||   581
       Scimitar          |       |       |       |   679 |  2011 |  2151 |   660 ||  5501
Invok: Greater Healing   |       |       |       |     3 |     6 |    18 |    11 ||    38
       Purification      |       |       |       |       |       |     2 |       ||     2
Evoke: Wand              |       |       |     4 |     4 |     4 |    21 |       ||    33
       Lamp of fire      |       |       |       |     1 |       |     1 |       ||     2
  Use: Potion            |       |     1 |     2 |     1 |     2 |    13 |       ||    19
       Scroll            |       |       |    21 |     9 |     8 |    17 |     4 ||    59
 Stab: Paralysed         |       |       |     3 |     3 |     2 |    22 |       ||    30
       Held in net/web   |       |       |       |       |     1 |       |       ||     1
       Petrifying        |       |       |       |       |       |     3 |       ||     3
       Petrified         |       |       |       |       |       |     1 |       ||     1
  Eat: Chunk             |     1 |     6 |    14 |    25 |    45 |    34 |    16 ||   141
       Fruit             |       |       |       |       |     2 |     3 |       ||     5
       Pizza             |       |       |       |       |     2 |    13 |       ||    15
       Beef jerky        |       |       |       |       |     1 |     2 |       ||     3
       Bread ration      |       |       |       |       |       |     2 |       ||     2
